 Dungeon Crawl Stone Soup version 0.25.0-11-g1f837a76a1 (webtiles) character file.

Game seed: 17966434457063783559

147 mortelune the Caller (level 5, -1/36 HPs)
             Began as a Barachi Summoner on June 27, 2020.
             Killed by divine providence
             ... invoked by an orc priest
              (13 damage)
             ... on level 4 of the Dungeon.
             The game lasted 00:08:02 (4411 turns).

mortelune the Caller (Barachi Summoner)             Turns: 4411, Time: 00:08:03

Health: -1/36      AC:  4    Str: 16    XL:     5   Next: 29%
Magic:  9/11       EV: 12    Int: 16    God:
Gold:   157        SH:  0    Dex: 12    Spells: 2/12 levels left

rFire    . . .     SeeInvis .   n - +1 whip (elec)
rCold    . . .     Gourm    .   (no shield)
rNeg     . . .     Faith    .   a - +0 robe
rPois    .         Spirit   .   g - +0 helmet (curse)
rElec    .         Reflect  .   q - +0 cloak
rCorr    .         Harm     .   (no gloves)
MR       .....                  (no boots)
Stlth    ++........             (no amulet)
HPRegen  0.12/turn              e - +6 ring of strength
MPRegen  0.12/turn              (no ring)

@: slow
A: +LOS, swims, slowness 1, strong legs 1
a: Hop


You were on level 4 of the Dungeon.
You were not hungry.

You visited 1 branch of the dungeon, and saw 4 of its levels.

You collected 157 gold pieces.

Inventory:

Hand Weapons
 f - a +0 club
 h - a +0 dagger
 n - a +1 whip of electrocution (weapon)
Missiles
 m - 17 poisoned darts (quivered)
Armour
 a - a +0 robe (worn)
 g - a cursed +0 helmet (worn)
 q - a +0 cloak (worn)
Jewellery
 e - a +6 ring of strength (left hand)
Scrolls
 b - 4 scrolls of identify {unknown}
 d - a scroll of teleportation {unknown}
 i - a scroll of fog {unknown}
 l - 2 scrolls of immolation {unknown}
 o - 2 scrolls of enchant weapon {unknown}
 r - a scroll of random uselessness {unknown}
 s - a scroll of remove curse {unknown}
Potions
 j - a potion of heal wounds {unknown}
 k - a potion of brilliance {unknown}
 t - a potion of magic {unknown}
Comestibles
 c - 10 rations
 p - 10 chunks of flesh


   Skills:
 + Level 0.4 Fighting
 - Level 2.1 Dodging
 - Level 1.7 Stealth
 + Level 4.0 Spellcasting
 * Level 6.4 Summonings
 + Level 0.4 Air Magic


You had 2 spell levels left.
You knew the following spells:

 Your Spells              Type           Power        Failure   Level  Hunger
a - Summon Small Mammal   Summ           ###.         1%          1    None
b - Call Imp              Summ           ###.....     1%          2    ##.....
c - Call Canine Familiar  Summ           ###.....     3%          3    ###....
d - Summon Lightning Spi  Summ/Air       ##......     38%         4    ####...

Your spell library contained the following spells:

 Spells                   Type           Power        Failure   Level  Hunger
 Magic Dart               Conj           #...         17%         1    None
 Blink                    Tloc           N/A          26%         2    ##.....
 Slow                     Hex            #.......     26%         2    ##.....
 Summon Guardian Golem    Hex/Summ       ##......     14%         3    ###....
 Summon Ice Beast         Ice/Summ       ##......     41%         4    ####...
 Mephitic Cloud           Conj/Pois/Air  #.......     43%         3    ###....
 Conjure Flame            Conj/Fire      #.......     45%         3    ###....


Dungeon Overview and Level Annotations

Branches:
Dungeon (4/15)
 Temple: D:4-7

Altars:
Dithmenos
Makhleb
Vehumet

Annotations:
D:3 1 exclusion, Sigmund


Innate Abilities, Weirdness & Mutations

You can be seen from farther away. (+LOS)
You can swim through water.
You cover ground slowly.
You can hop short distances.


Message History

The orc priest misses your quokka.
Your quokka bites the orc priest but does no damage.
The orc hits your hound with a +0 flail.
Your hound barely misses the orc priest.
Your quokka bites the orc priest but does no damage.
The orc priest barely misses your quokka.
The orc priest calls down the wrath of Beogh upon you.
Beogh smites you!
Your hound bites the orc priest.
The orc hits your quokka with a +0 flail.
Your quokka closely misses the orc priest.
Your hound bites the orc priest but does no damage.
The orc priest hits your quokka with a +0 dagger.
Your quokka dies!
Your quokka's corpse disappears in a puff of smoke!
Your crimson imp blinks!
Your crimson imp blinks!
Your hound misses the orc priest.
The orc priest calls down the wrath of Beogh upon you.
Beogh smites you!
You die...

###### #.# #....###.#
#.##.#...# ##########.##.#..##
#..........##.#..#
#.###########.##.# ..
###########....#
....####.o.......########
.......'.o....5.@'.......
......##.oh§....§##########+###
......##....)....###..........#
..................##..........#
.....##..........##..........#
.... ##########.##..........###
... #..#............. ..
##.#...........<. .
#.#...÷)).......


You could see 2 orc priests, an orc, a friendly hound (summoned) and a friendly
crimson imp (summoned).

Vanquished Creatures
  A bullfrog skeleton (D:4)
  An iguana (D:4)
  Robin (D:3)
  2 gnolls (D:4)
  A dart slug (D:2)
  3 orcs (D:4)
  A ball python (D:3)
  3 giant cockroaches
  4 goblins
  6 hobgoblins
  4 quokkas (D:3)
  3 bats
  A frilled lizard (D:3)
  6 kobolds
  3 rats
40 creatures vanquished.

Vanquished Creatures (collateral kills)
  2 gnolls (D:4)
  2 orcs (D:4)
  A ball python (D:2)
  7 goblins
  2 hobgoblins (D:3)
  3 bats (D:1)
  A kobold (D:3)
  A rat (D:1)
19 creatures vanquished.

Vanquished Creatures (others)
  A plant (D:3)
1 creature vanquished.

Grand Total: 60 creatures vanquished

Notes
Turn   | Place    | Note
-------+----------+-------------------------------------------
     0 | D:1      | mortelune the Barachi Summoner began the quest for the Orb.
     0 | D:1      | Reached XP level 1. HP: 13/13 MP: 3/3
   623 | D:1      | Reached skill level 5 in Summonings
  1116 | D:1      | Reached XP level 2. HP: 19/19 MP: 3/5
  1120 | D:1      | Learned a level 2 spell: Call Imp
  2169 | D:2      | Found a burning altar of Makhleb.
  2579 | D:2      | Reached XP level 3. HP: 15/24 MP: 7/7
  2584 | D:2      | Learned a level 3 spell: Call Canine Familiar
  2736 | D:3      | Found a radiant altar of Vehumet.
  2788 | D:3      | Noticed Sigmund
  3215 | D:2      | Found a shadowy altar of Dithmenos.
  3228 | D:3      | Noticed Robin
  3364 | D:3      | Killed Robin
  3364 | D:3      | Reached XP level 4. HP: 16/30 MP: 5/9
  4171 | D:4      | Reached skill level 6 in Summonings
  4220 | D:4      | Reached XP level 5. HP: 35/35 MP: 4/10
  4321 | D:4      | Learned a level 4 spell: Summon Lightning Spire
  4411 | D:4      | Killed from afar by an orc priest

Illustrated notes

Levels and vault maps discovered:
D:1:      scummos_arrival_star, layout_loops_ring
D:2:      layout_rooms, nicolae_overflow_hidden_temple, lemuel_doored_altar,
          minmay_box_of_dots
D:3:      wad_woods_stonehenge, layout_basic, first_ration, uniq_robin,
          uniq_sigmund
D:4:      layout_basic, tgw_trog, old_standard_altar

Skill      XL: |  1  2  3  4  5 |
---------------+----------------+-----
Summonings     | 5 6 |  6.4
Spellcasting   | 3 4 |  4.0
Fighting       | |  0.4
Dodging        | |  2.1
Stealth        | |  1.7
Air Magic      | |  0.4

Action                   |  1- 3 |  4- 6 || total
-------------------------+-------+-------++-------
Melee: Dagger            |    35 |       ||    35
       Club              |     6 |       ||     6
       Unarmed           |     6 |       ||     6
       Whip              |    62 |    34 ||    96
Throw: Dart              |     4 |       ||     4
 Cast: Summon Small Mamm |    11 |     1 ||    12
       Call Imp          |     2 |     2 ||     4
       Call Canine Famil |     5 |     3 ||     8
 Abil: Hop               |     1 |       ||     1
 Stab: Sleeping          |     4 |       ||     4
  Eat: Chunk             |     8 |     5 ||    13
Armor: Robe              |    27 |     9 ||    36
Dodge: Dodged            |    99 |    23 ||   122
